| TOP OF THE 1ST |
|
Los Angeles Dodgers batting - Pitching for San Francisco Giants : LHP Randy Johnson Jr.
|
|
Pitching: LHP Randy Johnson Jr.
|
|
|
Batting: RHB Tim Nettles
|
0-0: Ball 1-0: Swinging Strike 1-1: Ball 2-1: Foul Ball, location: 2F 2-2: Strikes out swinging
|
|
Batting: SHB Joel Baker
|
0-0: Ball 1-0: SINGLE (Groundball, 6MD, EV 93.8 MPH)
|
|
Batting: LHB Lirak Bazhunaishvili
|
0-0: Called Strike Joel Baker steals 2nd base 0-1: Ball 1-1: Ball 2-1: Called Strike 2-2: Fly out, F8 (Flyball, 8LXD, EV 95.0 MPH) Runner from 2nd tags up, SAFE at 3rd, no throw by CF
|
|
Batting: RHB Clay Buchanan
|
0-0: Ball 1-0: Ball 2-0: Foul Ball, location: 2F 2-1: Ball 3-1: Ground out 1-3 (Groundball, 15S, EV 70.6 MPH)
|
| Top of the 1st over - 0 runs, 1 hit, 0 errors, 1 left on base; Los Angeles 0 - San Francisco 0 |
| BOTTOM OF THE 1ST |
|
San Francisco Giants batting - Pitching for Los Angeles Dodgers : LHP Jonathan Daniels
|
|
Pitching: LHP Jonathan Daniels
|
|
|
Batting: SHB Ryan Doss
|
0-0: Fly out, F8 (Flyball, 89M, EV 83.1 MPH)
|
|
Batting: RHB Nate Hodson
|
0-0: Ball 1-0: Called Strike 1-1: Ball 2-1: Foul Ball, location: 2F 2-2: Foul Ball, location: 2F 2-2: Strikes out swinging
|
|
Batting: LHB Jack Henningar
|
0-0: Ball 1-0: Ball 2-0: Ball 3-0: Called Strike 3-1: Foul Ball, location: 2F 3-2: Foul Ball, location: 2F 3-2: Base on Balls
|
|
Batting: RHB Brian Rogers
|
0-0: Ball 1-0: Ball 2-0: Foul Ball, location: 2F 2-1: DOUBLE (Line Drive, 89M, EV 95.6 MPH) Jack Henningar to third Runner from 3rd tries for Home, SAFE, throw by RF to trailing runner, SAFE at third!
|
|
Batting: LHB Carey Horncole
|
0-0: Called Strike 0-1: Foul Ball, location: 2F 0-2: Ball 1-2: Ball 2-2: Ball 3-2: Fly out, F9 (Flyball, 89S, EV 95.0 MPH)
|
| Bottom of the 1st over - 1 run, 1 hit, 0 errors, 1 left on base; Los Angeles 0 - San Francisco 1 |
| TOP OF THE 2ND |
|
Los Angeles Dodgers batting - Pitching for San Francisco Giants : LHP Randy Johnson Jr.
|
|
Batting: RHB Ben Mischnick
|
0-0: Ball 1-0: Ball 2-0: Called Strike 2-1: Ball 3-1: Foul Ball, location: 2F 3-2: SINGLE (Line Drive, 78S, EV 99.4 MPH)
|
|
Batting: RHB Tsutomu Irie
|
0-0: Ball 1-0: SINGLE (Groundball, 6M, EV 108.1 MPH) (infield hit) Ben Mischnick to second
|
|
Batting: RHB John Piccolo
|
0-0: Called Strike 0-1: Fly out, F9 (Flyball, 9D, EV 96.2 MPH) Runner from 2nd tags up, SAFE at 3rd, no throw by RF
|
|
Batting: RHB Wing-kit Bu
|
0-0: Called Strike 0-1: Fly out, F9 (Line Drive, 9S, EV 93.8 MPH)
|
|
Batting: LHB Chris Buchan
|
0-0: SINGLE (Line Drive, 89M, EV 93.8 MPH) Ben Mischnick scores Tsutomu Irie to second Runner from 2nd tries for 3rd, SAFE, throw by RF made to third
|
|
Batting: RHB Tim Nettles
|
0-0: Ball 1-0: Ball 2-0: Swinging Strike 2-1: 3-RUN HOME RUN (Flyball, 9D, EV 94.4 MPH), Distance : 374 ft
|
|
Batting: SHB Joel Baker
|
0-0: Called Strike 0-1: Swinging Strike 0-2: Ball 1-2: Foul Ball, location: 2F 1-2: SINGLE (Groundball, 56D, EV 107.5 MPH)
|
|
Batting: LHB Lirak Bazhunaishvili
|
0-0: Called Strike 0-1: Called Strike 0-2: Ball 1-2: Ball 2-2: Fly out, F9 (Flyball, 89M, EV 90.6 MPH)
|
| Top of the 2nd over - 4 runs, 5 hits, 0 errors, 1 left on base; Los Angeles 4 - San Francisco 1 |
| BOTTOM OF THE 2ND |
|
San Francisco Giants batting - Pitching for Los Angeles Dodgers : LHP Jonathan Daniels
|
|
Batting: LHB Luis Magdaleno
|
0-0: Called Strike 0-1: Foul Ball, location: 2F 0-2: Ball 1-2: SINGLE (Groundball, 4MD, EV 107.5 MPH) (infield hit)
|
|
Batting: LHB Mason Duffy
|
0-0: Foul Ball, location: 2F 0-1: Foul Ball, location: 2F 0-2: Ball Luis Magdaleno is caught stealing 2nd base 2-6 1-2: Ball 2-2: Foul Ball, location: 2F 2-2: Strikes out swinging
|
|
Batting: LHB Tom Best
|
0-0: Called Strike 0-1: Ground out 3-1 (Groundball, 3L, EV 105.6 MPH)
|
| Bottom of the 2nd over - 0 runs, 1 hit, 0 errors, 0 left on base; Los Angeles 4 - San Francisco 1 |
| TOP OF THE 3RD |
|
Los Angeles Dodgers batting - Pitching for San Francisco Giants : LHP Randy Johnson Jr.
|
|
Batting: RHB Clay Buchanan
|
0-0: Called Strike 0-1: Ball 1-1: Ball 2-1: Called Strike 2-2: Ground out 5-3 (Groundball, 5, EV 85.0 MPH)
|
|
Batting: RHB Ben Mischnick
|
0-0: Ball 1-0: Ball 2-0: Ball 3-0: Called Strike 3-1: SINGLE (Line Drive, 56, EV 106.9 MPH)
|
|
Pitching: RHP Josh Lister
|
|
|
Batting: RHB Tsutomu Irie
|
0-0: Swinging Strike 0-1: Foul Ball, location: 2F 0-2: Strikes out swinging
|
|
Batting: RHB John Piccolo
|
0-0: Ball 1-0: Ball 2-0: Called Strike 2-1: Ball 3-1: Called Strike 3-2: Strikes out swinging
|
| Top of the 3rd over - 0 runs, 1 hit, 0 errors, 1 left on base; Los Angeles 4 - San Francisco 1 |
| BOTTOM OF THE 3RD |
|
San Francisco Giants batting - Pitching for Los Angeles Dodgers : LHP Jonathan Daniels
|
|
Batting: RHB Justin Baldwin
|
0-0: Foul Ball, location: 2F 0-1: Fly out, F7 (Flyball, 7, EV 75.6 MPH)
|
|
Batting: SHB Ryan Doss
|
0-0: Ball 1-0: Foul Ball, location: 2F 1-1: SINGLE (Groundball, 6MD, EV 86.2 MPH) (infield hit)
|
|
Batting: RHB Nate Hodson
|
0-0: Called Strike 0-1: Swinging Strike 0-2: Ball 1-2: Foul Ball, location: 2F 1-2: Ball 2-2: Ball 3-2: Base on Balls Ryan Doss to second
|
|
Batting: LHB Jack Henningar
|
0-0: Fly out, F7 (Line Drive, 78M, EV 93.1 MPH)
|
|
Batting: RHB Brian Rogers
|
0-0: Called Strike 0-1: Ball 1-1: Ball 2-1: Called Strike 2-2: Foul Ball, location: 2F 2-2: Ball 3-2: Base on Balls Ryan Doss to third Nate Hodson to second
|
|
Batting: LHB Carey Horncole
|
0-0: Ball 1-0: Swinging Strike 1-1: Foul Ball, location: 2F 1-2: SINGLE (Groundball, 34D, EV 106.2 MPH) (infield hit) Ryan Doss scores Nate Hodson to third Brian Rogers to second
|
|
Batting: LHB Luis Magdaleno
|
0-0: Ball 1-0: Called Strike 1-1: Called Strike 1-2: Ball 2-2: Fly out, F8 (Flyball, 8RD, EV 82.5 MPH)
|
| Bottom of the 3rd over - 1 run, 2 hits, 0 errors, 3 left on base; Los Angeles 4 - San Francisco 2 |
| TOP OF THE 4TH |
|
Los Angeles Dodgers batting - Pitching for San Francisco Giants : RHP Josh Lister
|
|
Pitching: LHP Mike del Rio
|
|
|
Batting: RHB Wing-kit Bu
|
0-0: Ball 1-0: Called Strike 1-1: Foul Ball, location: 2F 1-2: Foul Ball, location: 2F 1-2: Ball 2-2: Strikes out swinging
|
|
Batting: LHB Chris Buchan
|
0-0: Foul Ball, location: 2F 0-1: Fly out, F9 (Flyball, 89M, EV 91.9 MPH)
|
|
Pinch Hitting: LHB Stephen Van Raalte
|
0-0: Ball 1-0: Called Strike 1-1: Ball 2-1: Foul Ball, location: 2F 2-2: Ball 3-2: Foul Ball, location: 2F 3-2: Fly out, F9 (Line Drive, 9S, EV 83.8 MPH)
|
| Top of the 4th over - 0 runs, 0 hits, 0 errors, 0 left on base; Los Angeles 4 - San Francisco 2 |
| BOTTOM OF THE 4TH |
|
San Francisco Giants batting - Pitching for Los Angeles Dodgers : LHP Jonathan Daniels
|
|
Pitching: RHP Justin Scheithauer
|
|
|
Now in LF: Stephen Van Raalte
|
|
|
Now in CF: Wing-kit Bu
|
|
|
Batting: LHB Mason Duffy
|
0-0: Ball 1-0: Ground out 3-1 (Groundball, 34, EV 85.0 MPH)
|
|
Batting: LHB Tom Best
|
0-0: Ball 1-0: Ball 2-0: Ground out 4-3 (Groundball, 4, EV 98.8 MPH)
|
|
Batting: RHB Justin Baldwin
|
0-0: Ball 1-0: Fly out, F6 (Popup, 6MD, EV 66.2 MPH)
|
| Bottom of the 4th over - 0 runs, 0 hits, 0 errors, 0 left on base; Los Angeles 4 - San Francisco 2 |
| TOP OF THE 5TH |
|
Los Angeles Dodgers batting - Pitching for San Francisco Giants : LHP Mike del Rio
|
|
Now at 1B: Francisco Gutierrez
|
|
|
Now at SS: Steve Jones
|
|
|
Batting: SHB Joel Baker
|
0-0: Called Strike 0-1: Foul Ball, location: 2F 0-2: Strikes out swinging
|
|
Pinch Hitting: LHB Steve Pond
|
0-0: Called Strike 0-1: Ball 1-1: Ball 2-1: Called Strike 2-2: Strikes out swinging
|
|
Pitching: RHP Filip Nebylitsin
|
|
|
Batting: RHB Clay Buchanan
|
0-0: Swinging Strike 0-1: Foul Ball, location: 2F 0-2: Foul Ball, location: 2F 0-2: Foul Ball, location: 2F 0-2: Strikes out swinging
|
| Top of the 5th over - 0 runs, 0 hits, 0 errors, 0 left on base; Los Angeles 4 - San Francisco 2 |
| BOTTOM OF THE 5TH |
|
San Francisco Giants batting - Pitching for Los Angeles Dodgers : RHP Justin Scheithauer
|
|
Pitching: RHP Jeremy Stock
|
|
|
Now at SS: Theo Schepers
|
|
|
Now in RF: Steve Pond
|
|
|
Batting: SHB Ryan Doss
|
0-0: SINGLE (Groundball, 5L, EV 103.1 MPH) (infield hit)
|
|
Pinch Hitting: RHB Bill Defazio
|
0-0: Ball 1-0: Called Strike 1-1: DOUBLE (Line Drive, 9LM, EV 95.6 MPH) Ryan Doss to third
|
|
Batting: SHB Francisco Gutierrez
|
0-0: Called Strike 0-1: Ball 1-1: Ball 2-1: Called Strike 2-2: Strikes out swinging
|
|
Batting: RHB Lucan Esini
|
0-0: Ball 1-0: Foul Ball, location: 2F 1-1: Fly out, F9 (Flyball, 9LS, EV 83.1 MPH)
|
|
Pinch Hitting: LHB Ryan Braden
|
0-0: Called Strike 0-1: Ball 1-1: Ball 2-1: Called Strike 2-2: Ball 3-2: Base on Balls
|
|
Pinch Hitting: LHB Dillon Gonzalez
|
0-0: Called Strike 0-1: Ball 1-1: Ball 2-1: Foul Ball, location: 2F 2-2: Fly out, F5 (Popup, 5S, EV 85.6 MPH)
|
| Bottom of the 5th over - 0 runs, 2 hits, 0 errors, 3 left on base; Los Angeles 4 - San Francisco 2 |
| TOP OF THE 6TH |
|
Los Angeles Dodgers batting - Pitching for San Francisco Giants : RHP Filip Nebylitsin
|
|
Pitching: RHP Ricky Fo
|
|
|
Now at 2B: Sean Zielinski
|
|
|
Now at SS: Bill Defazio
|
|
|
Now in LF: Dillon Gonzalez
|
|
|
Now in RF: John Blair
|
|
|
Pinch Hitting: SHB Shane Marcum
|
0-0: Ball 1-0: Called Strike 1-1: Ball 2-1: Ball 3-1: Swinging Strike 3-2: Foul Ball, location: 2F 3-2: Foul Ball, location: 2F 3-2: Foul Ball, location: 2F 3-2: Strikes out looking
|
|
Pinch Hitting: RHB Leonardo Nava
|
0-0: SINGLE (Line Drive, 9S, EV 93.8 MPH)
|
|
Pinch Hitting: RHB Tommy Hunter
|
0-0: Called Strike 0-1: Called Strike Leonardo Nava steals 2nd base 0-2: Ball 1-2: Strikes out swinging
|
|
Batting: RHB Wing-kit Bu
|
0-0: Called Strike 0-1: Ground out 5-3 (Groundball, 15, EV 79.4 MPH)
|
| Top of the 6th over - 0 runs, 1 hit, 0 errors, 1 left on base; Los Angeles 4 - San Francisco 2 |
| BOTTOM OF THE 6TH |
|
San Francisco Giants batting - Pitching for Los Angeles Dodgers : RHP Jeremy Stock
|
|
Now at 1B: Tommy Hunter
|
|
|
Now at 2B: Theo Schepers
|
|
|
Now at 3B: Shane Marcum
|
|
|
Now at SS: Leonardo Nava
|
|
|
Batting: RHB Sean Zielinski
|
0-0: Ball 1-0: Ground out U3 (Groundball, 3S, EV 90.0 MPH)
|
|
Pinch Hitting: SHB Alex Ethridge
|
0-0: Ball 1-0: Ball 2-0: Called Strike 2-1: Foul Ball, location: 2F 2-2: Ball 3-2: Foul Ball, location: 2F 3-2: Strikes out swinging
|
|
Batting: RHB Justin Baldwin
|
0-0: Ball 1-0: Ball 2-0: Foul Ball, location: 2F 2-1: Swinging Strike 2-2: SINGLE (Groundball, 15, EV 89.4 MPH) (infield hit)
|
|
Pinch Hitting: RHB Tyler Mapes
|
0-0: Ball 1-0: Ball 2-0: Foul Ball, location: 2F 2-1: Swinging Strike 2-2: Foul Ball, location: 2F 2-2: Ball 3-2: Strikes out swinging
|
| Bottom of the 6th over - 0 runs, 1 hit, 0 errors, 1 left on base; Los Angeles 4 - San Francisco 2 |
| TOP OF THE 7TH |
|
Los Angeles Dodgers batting - Pitching for San Francisco Giants : RHP Ricky Fo
|
|
Pitching: LHP Chris Moris
|
|
|
Now at C: Bob Schweiger
|
|
|
Now at 3B: Tyler Mapes
|
|
|
Now in CF: Alex Ethridge
|
|
|
Batting: RHB Danny Dyer
|
0-0: Ball 1-0: Ball 2-0: Ball 3-0: Fly out, F7 (Flyball, 7LM, EV 81.2 MPH)
|
|
Batting: LHB Stephen Van Raalte
|
0-0: Called Strike 0-1: Fly out, F8 (Line Drive, 8RM, EV 91.2 MPH)
|
|
Batting: SHB Joel Baker
|
0-0: Ball 1-0: Ball 2-0: Foul Ball, location: 2F 2-1: Fly out, F4 (Popup, 4MD, EV 50.6 MPH)
|
| Top of the 7th over - 0 runs, 0 hits, 0 errors, 0 left on base; Los Angeles 4 - San Francisco 2 |
| BOTTOM OF THE 7TH |
|
San Francisco Giants batting - Pitching for Los Angeles Dodgers : RHP Jeremy Stock
|
|
Pitching: RHP Nick Harmon
|
|
|
Batting: RHB Bill Defazio
|
0-0: Ball 1-0: DOUBLE (Line Drive, 9LS, EV 91.2 MPH)
|
|
Batting: SHB Francisco Gutierrez
|
0-0: Called Strike 0-1: Called Strike 0-2: Strikes out looking
|
|
Batting: RHB Lucan Esini
|
0-0: Called Strike 0-1: Ball 1-1: SINGLE (Line Drive, 89S, EV 91.9 MPH) Bill Defazio to third Runner from 3rd tries for Home, throw by RF and OUT! 9-2 Lucan Esini to second
|
|
Batting: LHB John Blair
|
0-0: Ball 1-0: Called Strike 1-1: Foul Ball, location: 2F 1-2: Ball 2-2: Strikes out swinging
|
| Bottom of the 7th over - 0 runs, 2 hits, 0 errors, 1 left on base; Los Angeles 4 - San Francisco 2 |
| TOP OF THE 8TH |
|
Los Angeles Dodgers batting - Pitching for San Francisco Giants : LHP Chris Moris
|
|
Pitching: RHP Lorenzo de Jesus
|
|
|
Batting: LHB Steve Pond
|
0-0: Ball 1-0: Called Strike 1-1: Ball 2-1: Swinging Strike 2-2: Foul Ball, location: 2F 2-2: Ground out 6-3 (Groundball, 6, EV 104.4 MPH)
|
|
Batting: RHB Theo Schepers
|
0-0: Called Strike 0-1: Swinging Strike 0-2: Ground out 4-3 (Groundball, 34D, EV 103.8 MPH)
|
|
Batting: SHB Shane Marcum
|
0-0: Called Strike 0-1: Fly out, F9 (Flyball, 89D, EV 108.1 MPH)
|
| Top of the 8th over - 0 runs, 0 hits, 0 errors, 0 left on base; Los Angeles 4 - San Francisco 2 |
| BOTTOM OF THE 8TH |
|
San Francisco Giants batting - Pitching for Los Angeles Dodgers : RHP Nick Harmon
|
|
Pitching: RHP Joon-ho Rhee
|
|
|
Batting: LHB Dillon Gonzalez
|
0-0: Called Strike 0-1: Fly out, F7 (Flyball, 78M, EV 76.2 MPH)
|
|
Batting: RHB Sean Zielinski
|
0-0: Called Strike 0-1: Swinging Strike 0-2: Foul Ball, location: 2F 0-2: Foul Ball, location: 2F 0-2: Ball 1-2: Foul Ball, location: 2F 1-2: Ball 2-2: Hit by Pitch
|
|
Batting: SHB Alex Ethridge
|
0-0: Ball 1-0: Swinging Strike 1-1: Ball 2-1: Fly out, F3 (Popup, 3SF, EV 81.2 MPH)
|
|
Batting: RHB Bob Schweiger
|
0-0: Ball 1-0: Swinging Strike 1-1: Ball 2-1: Fly out, F7 (Flyball, 78M, EV 92.5 MPH)
|
| Bottom of the 8th over - 0 runs, 0 hits, 0 errors, 1 left on base; Los Angeles 4 - San Francisco 2 |
| TOP OF THE 9TH |
|
Los Angeles Dodgers batting - Pitching for San Francisco Giants : RHP Lorenzo de Jesus
|
|
Pitching: RHP Takashi Kino
|
|
|
Batting: RHB Leonardo Nava
|
0-0: Called Strike 0-1: Ball 1-1: Ball 2-1: Ball 3-1: Called Strike 3-2: Foul Ball, location: 2F 3-2: Fly out, F7 (Flyball, 7LM, EV 94.4 MPH)
|
|
Batting: RHB Tommy Hunter
|
0-0: Ball 1-0: SINGLE (Groundball, 6MD, EV 107.5 MPH)
|
|
Batting: RHB Wing-kit Bu
|
0-0: Ball 1-0: Foul Ball, location: 2F 1-1: Ball 2-1: TRIPLE (Line Drive, 7LD, EV 101.9 MPH) Tommy Hunter scores
|
|
Batting: RHB Danny Dyer
|
0-0: Swinging Strike 0-1: Ball 1-1: Called Strike 1-2: Foul Ball, location: 2F 1-2: Strikes out looking
|
|
Batting: LHB Stephen Van Raalte
|
0-0: Called Strike 0-1: Ball 1-1: SINGLE (Line Drive, 7S, EV 94.4 MPH) Wing-kit Bu scores
|
|
Pitching: RHP Tim Welshman
|
|
|
Batting: SHB Joel Baker
|
0-0: Ball 1-0: Called Strike 1-1: Ball Stephen Van Raalte is caught stealing 2nd base 2-6
|
| Top of the 9th over - 2 runs, 3 hits, 0 errors, 0 left on base; Los Angeles 6 - San Francisco 2 |
| BOTTOM OF THE 9TH |
|
San Francisco Giants batting - Pitching for Los Angeles Dodgers : RHP Joon-ho Rhee
|
|
Pitching: RHP Nate Allen
|
|
|
Batting: RHB Tyler Mapes
|
0-0: Ball 1-0: Ball 2-0: Ground out 5-3 (Groundball, 56S, EV 85.6 MPH)
|
|
Batting: RHB Bill Defazio
|
0-0: Ball 1-0: Ball 2-0: Swinging Strike 2-1: SINGLE (Line Drive, 8LS, EV 98.1 MPH)
|
|
Batting: SHB Francisco Gutierrez
|
0-0: Ball 1-0: Ball 2-0: Called Strike 2-1: Called Strike 2-2: Fielders Choice at 2nd, 3-6 (Groundball, 3, EV 96.2 MPH)
|
|
Batting: RHB Lucan Esini
|
0-0: Foul Ball, location: 2F 0-1: Fielders Choice at 2nd, 5-4 (Groundball, 56, EV 89.4 MPH)
|
| Bottom of the 9th over - 0 runs, 1 hit, 0 errors, 1 left on base; Los Angeles 6 - San Francisco 2 |
|